AoeStats
← Kitiastri
◆

Rage Forest 2026

500424256Analyzed
4v4 RM · 1mo ago on Aug 18, 2026· 42m 58s· 8 players
Game mode
Random Map
Map size
Large (8 player)
Population
200
Speed
Normal
Resources
Standard
Victory
Conquest
Starting age
Dark Age
Ending age
Dark Age
RankedLock teamsTeams togetherTeam positionsShared explorationLock speedFull tech treeHidden civsTurbo modeCheats
Victory
Defeat
🇵🇰 Hindustanis · Pakistan
1540
+9
🇵🇰 Khmer · Pakistan
1362
+16
🇮🇳 Armenians · India
1315
+18
🇫🇷 Persians · France
1260
+21
🇩🇪 Saracens · Germany
1410
-18
🇬🇧 Japanese · United Kingdom
1394
-17
🇬🇧 Magyars · United Kingdom
1354
-15
🇳🇴 Poles · Norway
1303
-13
mob_ankit
11:51 Feudal Age
16:49 Castle Age
15:50 Double-Bit Axe
16:02 Fletching
26:01 Bodkin Arrow
28:15 Horse Collar
28:46 Bow Saw
30:02 Wheelbarrow
29:12 Loom
30:57 Gold Mining
32:10 Stone Mining
35:12 Imperial Age
33:38 Ballistics
33:23 Padded Archer Armor
34:19 Gold Shaft Mining
36:02 Bracer
37:20 Chemistry
37:14 Conscription
37:23 Leather Archer Armor
36:51 Elite Composite Bowman
39:47 Ring Archer Armor
39:31 Fortified Wall
42:56 Masonry
PabloEscobar
0:48 Loom
12:08 Feudal Age
15:42 Castle Age
13:48 Horse Collar
14:23 Double-Bit Axe
18:45 Bow Saw
20:05 Heavy Plow
22:49 Loom
25:24 Wheelbarrow
24:40 Gold Mining
28:58 Gold Shaft Mining
28:14 Stone Mining
30:16 Hand Cart
30:22 Fletching
34:05 Imperial Age
31:22 Town Watch
34:20 Ballistics
34:06 Padded Archer Armor
35:10 Conscription
34:13 Capped Ram
34:16 Elite Ballista Elephant
35:13 Bloodlines
35:04 Husbandry
35:18 Scale Barding Armor
36:24 Chemistry
35:47 Siege Ram
37:10 Chain Barding Armor
39:06 Plate Barding Armor
40:02 Siege Engineers
42:03 Double Crossbow
42:11 Caravan
mask noir
10:51 Feudal Age
14:49 Castle Age
12:52 Double-Bit Axe
15:43 Bow Saw
20:04 Fishing Lines
21:53 Gold Mining
24:03 Wheelbarrow
23:14 Loom
23:10 Horse Collar
23:53 Town Watch
24:45 Gold Shaft Mining
25:10 Gillnets
25:28 Scale Barding Armor
25:53 Husbandry
26:55 Chain Barding Armor
27:20 Forging
27:14 Stone Mining
29:06 Bloodlines
33:18 Imperial Age
31:04 Hand Cart
31:52 Heavy Plow
32:56 Cavalier
34:13 Plate Barding Armor
34:58 Stone Shaft Mining
35:13 Iron Casting
34:57 Caravan
34:22 Savar
36:37 Two-Man Saw
36:11 Crop Rotation
41:00 Blast Furnace
40:27 Ballistics
Mubeen
11:56 Feudal Age
15:33 Castle Age
13:33 Double-Bit Axe
13:54 Fishing Lines
16:34 Bow Saw
16:25 Gillnets
24:42 Forging
28:04 Imperial Age
25:23 Loom
26:13 Wheelbarrow
25:23 Town Watch
26:48 Fletching
27:40 Scale Barding Armor
28:33 Hand Cart
28:04 Town Watch
28:42 Bloodlines
28:34 Husbandry
28:55 Chain Barding Armor
29:49 Chemistry
28:28 Heavy Camel Rider
29:35 Siege Engineers
29:28 Gold Mining
30:25 Plate Barding Armor
30:40 Iron Casting
30:41 Caravan
30:31 Imperial Camel Rider
32:28 Grand Trunk Road
32:49 Conscription
33:07 Gold Shaft Mining
34:27 Two-Man Saw
Kitiastri
0:36 Loom
11:09 Feudal Age
14:56 Castle Age
13:55 Double-Bit Axe
13:51 Horse Collar
15:46 Heavy Plow
16:24 Bow Saw
22:20 Wheelbarrow
29:21 Imperial Age
26:43 Fletching
26:53 Padded Archer Armor
27:48 Hand Cart
27:19 Town Watch
27:38 Bodkin Arrow
27:44 Gold Mining
27:44 Stone Mining
28:18 Thumb Ring
29:04 Ballistics
30:06 Coinage
30:08 Bracer
31:09 Chemistry
30:18 Scale Mail Armor
30:57 Parthian Tactics
31:35 Heavy Cavalry Archer
32:10 Pikeman
33:23 Recurve Bow
34:14 Conscription
34:15 Chain Mail Armor
35:41 Leather Archer Armor
35:57 Banking
36:53 Ring Archer Armor
36:14 Arson
35:54 Halberdier
37:30 Caravan
41:18 Hoardings
42:17 Masonry
42:14 Siege Engineers
benjeh
0:38 Loom
11:08 Feudal Age
13:47 Wheelbarrow
13:28 Double-Bit Axe
16:55 Castle Age
15:32 Fishing Lines
18:16 Bow Saw
20:57 Fletching
23:22 Bodkin Arrow
24:00 Gold Mining
24:50 Stone Mining
25:51 Guard Tower
31:41 Imperial Age
29:26 Scale Mail Armor
29:50 Masonry
31:14 Murder Holes
31:30 Yasama
31:18 Pikeman
31:58 Treadmill Crane
32:43 Ballistics
33:14 Keep
32:41 Bracer
34:50 Chemistry
33:18 Halberdier
34:42 Chain Mail Armor
36:04 Two-Man Saw
35:30 Kataparuto
35:06 Arrowslits
35:55 Plate Mail Armor
36:11 Forging
35:45 Treadmill Crane
36:32 Hand Cart
36:20 Squires
36:45 Arson
37:23 Conscription
37:18 Siege Engineers
38:23 Hoardings
37:32 Capped Ram
43:26 Iron Casting
Armitte
0:45 Loom
11:08 Feudal Age
12:18 Double-Bit Axe
18:47 Castle Age
18:13 Horse Collar
19:44 Bow Saw
22:04 Heavy Plow
25:37 Wheelbarrow
31:51 Hand Cart
34:54 Imperial Age
32:34 Stone Mining
32:57 Gold Mining
33:23 Town Watch
33:45 Scale Barding Armor
34:49 Gold Shaft Mining
35:08 Chain Barding Armor
35:02 Onager
36:45 Conscription
37:27 Plate Barding Armor
38:04 Siege Engineers
38:52 Fletching
39:23 Ballistics
39:55 Bodkin Arrow
40:10 Padded Archer Armor
39:45 Crossbowman
40:31 Thumb Ring
40:48 Arbalester
42:03 Bracer
Horagalles
7:42 Loom
11:42 Feudal Age
12:57 Double-Bit Axe
15:52 Castle Age
14:03 Horse Collar
14:14 Gold Mining
14:16 Stone Mining
18:04 Bow Saw
17:58 Heavy Plow
23:30 Scale Mail Armor
24:57 Chain Mail Armor
24:53 Forging
24:44 Squires
27:38 Iron Casting
26:51 Arson
29:51 Wheelbarrow
30:45 Scale Barding Armor
33:30 Imperial Age
32:34 Coinage
32:24 Hand Cart
32:30 Bloodlines
32:59 Husbandry
33:22 Szlachta Privileges
34:11 Chain Barding Armor
34:00 Caravan
33:47 Cavalier
35:54 Blast Furnace
35:39 Conscription
35:05 Light Cavalry
36:58 Winged Hussar
37:30 Treadmill Crane
38:00 Town Watch
38:11 Elite Obuch
40:45 Plate Mail Armor
44:09 Chemistry
43:30 Ballistics
Connection lost

Rejoining the realm…

Still unreachable

The connection could not be restored.

Session expired

The server has moved on; the page needs a fresh start.